[Event "17th Delhi GM Open 2019-B"]
[Site "Delhi"]
[Date "2019.01.12"]
[Round "10"]
[White "Aryan"]
[Black "Sham R"]
[Result "0-1"]
[ECO "E61"]
[WhiteElo "1784"]
[BlackElo "1590"]
[Annotator "NA"]
[PlyCount "115"]
[EventDate "2019.01.09"]
[EventType "swiss"]
[EventCountry "IND"]
[SourceTitle "playchess.com"]
[Source "ChessBase"]
[SourceQuality "1"]
[TimeControl "3600+30"]

1. d4 Nf6 2. Nf3 g6 3. e3 Bg7 4. Be2 O-O 5. O-O d6 6. c4 Nbd7 7. Nc3 e5 8. b4 c6 9. Qc2 Qe7 10. Bb2 e4 11. Nd2 d5 12. b5 Rd8 13. a4 Nf8 14. Ba3 Qc7 15. Rfc1 Bg4 16. cxd5 cxd5 17. Nb3 Rac8 18. Qd1 Bxe2 19. Nxe2 Qb8 20. Nc5 Ne6 21. Ra2 Nd7 22. Nxe6 fxe6 23. Nf4 Kf7 24. Rxc8 Rxc8 25. Nxe6 Kxe6 26. Qg4+ Kf6 27. Qxd7 Qc7 28. Qxc7 Rxc7 29. Kf1 Rc4 30. a5 b6 31. axb6 axb6 32. Ke2 Ke6 33. Kd2 Ra4 34. Kc2 Ra5 35. Ra1 Rxb5 36. Bb2 Bf8 37. Ra8 Bd6 38. g3 Rb4 39. Re8+ Kf7 40. Rh8 Rc4+ 41. Kd1 h6 42. Rh7+ Kf6 43. Rb7 Bc7 44. Ba3 Ke6 45. Bf8 h5 46. Bh6 Kd7 47. Ra7 Kc6 48. Bf4 Kd7 49. h4 Kc8 50. Ra8+ Kb7 51. Rg8 Bxf4 52. gxf4 b5 53. Rxg6 b4 54. Rd6 b3 55. Rxd5 Kb6 56. Rd8 Kc7 57. Rg8 b2 58. Rg7+ 0-1

[Event "17th Delhi GM Open 2019-B"]
[Site "Delhi"]
[Date "2019.01.12"]
[Round "10"]
[White "Vishnu, DevYadav"]
[Black "Sharsha Backer"]
[Result "1/2-1/2"]
[ECO "B22"]
[WhiteElo "1751"]
[BlackElo "1812"]
[Annotator "NA RC"]
[PlyCount "55"]
[EventDate "2019.01.09"]
[EventType "swiss"]
[EventCountry "IND"]
[SourceTitle "playchess.com"]
[Source "ChessBase"]
[SourceQuality "1"]
[TimeControl "3600+30"]

1. e4 c5 2. c3 d5 3. exd5 Qxd5 4. Nf3 Nf6 5. d4 {[%emt 0:00:00] LiveBook: 4910 Games} Nc6 6. Na3 cxd4 7. Nb5 Qd8 8. Bf4 {[%emt 0:00:00] B22: Sicilian: 2 c3} (8. Nfxd4 Nxd4 9. Qxd4 Qxd4 10. cxd4 Nd5 11. Bc4 a6 12. Nd6+ exd6 13. Bxd5 Be7 14. Be3 Rb8 15. Ke2 Be6 16. Bxe6 fxe6 {½-½ (57) Bacrot,E (2695)-Korotylev,A (2600) Moscow 2007}) 8... Nd5 9. Bg3 a6 10. Nbxd4 e6 11. Be2 Be7 $146 ({Predecessor:} 11... Bd6 12. Nxc6 bxc6 13. Bxd6 Qxd6 14. O-O Qc7 15. Qd4 O-O 16. Rfd1 {1-0 (47) Annetts,I (1895)-Haddock,P (1688) Caleta 2012}) 12. O-O O-O 13. Qc2 Nxd4 14. Nxd4 Bd7 15. Rad1 Qb6 16. Qb3 Qxb3 17. Nxb3 a5 18. Nd4 Ba4 19. Rc1 Bf6 20. Bb5 Bxb5 21. Nxb5 a4 22. a3 h5 23. h3 Ra5 24. Nd6 Ra6 25. Nxb7 Rb6 26. Nc5 Rxb2 27. Nxa4 Rb3 $11 28. c4 1/2-1/2

[Event "17th Delhi GM Open 2019-B"]
[Site "Delhi"]
[Date "2019.01.12"]
[Round "10"]
[White "Sai Kiran Y"]
[Black "Himanshu, Moudgil"]
[Result "1/2-1/2"]
[ECO "B08"]
[WhiteElo "1732"]
[BlackElo "1804"]
[Annotator "NA RC"]
[PlyCount "75"]
[EventDate "2019.01.09"]
[EventType "swiss"]
[EventCountry "IND"]
[SourceTitle "playchess.com"]
[Source "ChessBase"]
[SourceQuality "1"]
[TimeControl "3600+30"]

1. d4 Nf6 2. Bf4 d6 3. Nc3 Nbd7 4. Nf3 g6 5. e4 Bg7 6. Qd2 {[%emt 0:00:00] LiveBook: 9 Games} O-O 7. O-O-O {[%emt 0:00:00] B08: Pirc Defence: Classical System} c5 8. dxc5 Nxc5 9. e5 $1 Nce4 10. Nxe4 Nxe4 11. Qe3 d5 12. Bc4 $146 ({Predecessor:} 12. Kb1 Qa5 13. Bd3 Nc5 14. Be2 e6 {1-0 (22) Bachmann,A (2646)-Hatrick,J (1910) Mar del Plata 2017}) 12... Be6 13. Nd4 Qb6 14. Bd3 f5 15. Nxe6 Qxe6 16. f3 g5 17. fxe4 gxf4 18. exd5 fxe3 19. dxe6 Bxe5 20. g3 Kg7 21. Rdf1 f4 22. gxf4 Rxf4 23. Rxf4 Bxf4 24. Kd1 Kf6 25. Bxh7 Rh8 26. Be4 Kxe6 27. Ke2 Ke5 28. Bf3 b6 $11 29. h4 Kf5 30. h5 e5 31. Rg1 Rd8 32. Bg4+ Kg5 33. Bf3+ Kf5 34. Bg4+ Kf6 35. Rd1 Rg8 36. Bf3 Kf5 37. Rd7 Ke6 38. Bd5+ 1/2-1/2

[Event "17th Delhi GM Open 2019-B"]
[Site "Delhi"]
[Date "2019.01.12"]
[Round "10"]
[White "Prakash Yadav"]
[Black "Koustav Chakraborty"]
[Result "1-0"]
[ECO "C20"]
[WhiteElo "1718"]
[BlackElo "1898"]
[Annotator "NA RC"]
[PlyCount "85"]
[EventDate "2019.01.09"]
[EventType "swiss"]
[EventCountry "IND"]
[SourceTitle "playchess.com"]
[Source "ChessBase"]
[SourceQuality "1"]
[TimeControl "3600+30"]

1. c4 e5 2. e4 Nc6 3. Nc3 Bc5 4. Nf3 {[%emt 0:00:00] C20: 1 e4 e5: Unusual White second moves} d6 {[%emt 0:00:00] LiveBook: 8 Games} 5. Be2 (5. d3 Nge7 6. a3 a6 7. b4 Ba7 8. h3 f5 9. Be3 Bxe3 10. fxe3 O-O 11. Qd2 Ng6 {0-1 (22) Antipov,M (2616)-Ovetchkin,R (2546) Yaroslavl 2018}) 5... f5 6. d3 Nf6 7. Bg5 h6 8. Bxf6 Qxf6 9. Nd5 Qf7 $146 ({Predecessor:} 9... Qd8 10. a3 a5 11. Rb1 O-O {0-1 (23) Kutschke,P-Lengyel,B (2320) Mecklenburg VP 1996}) 10. Nh4 Rg8 (10... h5 $1 $11) 11. exf5 Bxf5 12. Nxf5 Qxf5 13. O-O Qf7 14. Bg4 Kd8 15. b4 Bd4 16. Rc1 Ne7 17. Nxe7 Kxe7 18. c5 d5 19. Qa4 Rgd8 20. Qb5 Rab8 ({Black should play} 20... Qg6 $15 21. Bd1 Rab8) 21. Qa5 Kf8 22. c6 b5 23. Qa3 Kg8 24. Qb3 Kh8 25. g3 Rb6 26. Bh3 Rd6 27. Bg2 Rb8 28. Kh1 g5 29. Qd1 Rf8 30. Qg4 Qg6 31. f4 gxf4 ({But not} 31... Rxc6 $6 32. Rxc6 Qxc6 33. fxg5 $14) 32. Qxg6 Rxg6 33. gxf4 Be3 (33... Rxf4 $15 34. Bxd5 Kg7) 34. fxe5 {[%emt 0:04:40] Discovered Attack (Double check)} Re8 35. Rce1 d4 36. Rf7 Reg8 37. Re2 Rxc6 38. h4 Rc3 $2 {[%emt 0:01:17] [#]} ({Better is} 38... Rcg6 $14) 39. e6 $1 c5 40. e7 (40. Be4 $142 Rg1+ 41. Kh2 cxb4 {[#]} 42. Rxe3 $1 ) 40... cxb4 41. Be4 Rc1+ 42. Kh2 Bf4+ 43. Rxf4 1-0

[Event "17th Delhi GM Open 2019-B"]
[Site "Delhi"]
[Date "2019.01.12"]
[Round "10"]
[White "Saurabh Lokhande"]
[Black "Praloy Sahoo"]
[Result "0-1"]
[ECO "C06"]
[WhiteElo "1674"]
[BlackElo "1795"]
[Annotator "NA RC"]
[PlyCount "122"]
[EventDate "2019.01.09"]
[EventType "swiss"]
[EventCountry "IND"]
[SourceTitle "playchess.com"]
[Source "ChessBase"]
[SourceQuality "1"]
[TimeControl "3600+30"]

1. e4 e6 2. d4 d5 3. Nd2 Nf6 4. e5 Nfd7 5. Bd3 c5 6. c3 Nc6 7. Ne2 cxd4 8. cxd4 f6 9. exf6 Qxf6 10. Nf3 h6 11. a3 Bd6 12. Bc2 O-O 13. O-O Rd8 14. Qd3 Nf8 15. Re1 Bd7 16. b4 a6 17. Bb2 Rac8 18. Rac1 Be8 19. Qe3 Rc7 20. Ne5 Rdc8 21. f4 Nxb4 22. Bb3 Rxc1 23. Rxc1 Rxc1+ 24. Qxc1 Nc6 25. Qe3 Qf5 26. Qd2 Qf6 27. h3 Qd8 28. Kh2 Na5 29. Ba2 Bb5 30. Ng3 Bxe5 31. dxe5 Nc4 32. Bxc4 Bxc4 33. f5 exf5 34. Nxf5 Ne6 35. Nd6 b5 36. g4 Qg5 37. Nxc4 dxc4 38. Qd5 Qf4+ 39. Kg2 Qf7 40. Qa8+ Kh7 41. Qe4+ Qg6 42. Qf5 Qxf5 43. gxf5 Nf4+ 44. Kf3 Nd5 45. Ke4 c3 46. Bc1 Ne7 47. e6 Kg8 48. Ke5 Kf8 49. h4 Ke8 50. h5 Ng8 51. Kd4 c2 52. Kc3 Ne7 53. Kxc2 Nxf5 54. Kb3 a5 55. Bd2 Nd4+ 56. Kb2 b4 57. a4 Nxe6 58. Kb3 Nc5+ 59. Kc4 Nxa4 60. Kb5 b3 61. Bc1 b2 0-1

[Event "17th Delhi GM Open 2019-B"]
[Site "Delhi"]
[Date "2019.01.12"]
[Round "10"]
[White "Deepak Batra"]
[Black "Abdul Majeed, N.."]
[Result "1-0"]
[ECO "B23"]
[WhiteElo "1607"]
[BlackElo "1765"]
[Annotator "NA RC"]
[PlyCount "53"]
[EventDate "2019.01.09"]
[EventType "swiss"]
[EventCountry "IND"]
[SourceTitle "playchess.com"]
[Source "ChessBase"]
[SourceQuality "1"]
[TimeControl "3600+30"]

1. e4 c5 2. Nc3 d6 3. f4 Nc6 4. Nf3 g6 5. Bb5 Bg7 6. Bxc6+ bxc6 7. O-O Nf6 8. d3 O-O 9. Qe1 e6 10. Qh4 Nh5 11. Qxd8 Rxd8 12. e5 Bf8 13. g4 Ng7 14. Ne4 Ne8 15. exd6 Bxd6 16. Be3 Rb8 17. b3 Rb5 18. a4 Ra5 19. Ne5 Bxe5 20. fxe5 c4 21. d4 cxb3 22. cxb3 Ba6 23. Rfc1 Rb8 24. Rc3 Nc7 25. Nf6+ Kg7 26. Bd2 Bb7 27. Rh3 1-0